 Dungeon Crawl Stone Soup version 0.22.1-1-ga44c0e56f4 (webtiles) character file.

705 Kaderl the Purveyor of Pain (level 7, -1/47 HPs)
             Began as a Human Necromancer on Oct 12, 2018.
             Was an Initiate of Kikubaaqudgha.
             Slain by a slave (5 damage)
             ... led by Pikel
             ... on level 4 of the Dungeon.
             The game lasted 00:23:06 (4794 turns).

Kaderl the Purveyor of Pain (Human Necromancer)     Turns: 4794, Time: 00:23:07

Health: -1/47      AC:  5    Str:  8    XL:     7   Next: 99%
Magic:  8/15       EV: 12    Int: 17    God:    Kikubaaqudgha [......]
Gold:   227        SH:  0    Dex: 14    Spells: 11/17 levels left

rFire    . . .     SeeInvis .   y - +4 quarterstaff (chaos)
rCold    . . .     Gourm    .   (shield currently unavailable)
rNeg     . . .     Faith    .   j - +2 robe
rPois    .         Spirit   .   (no helmet)
rElec    .         Reflect  .   t - +0 cloak of the Wheelwright {Stlth+}
rCorr    .         Harm     .   (no gloves)
MR       .....                  (no boots)
Stlth    +++.......             (no amulet)
HPRegen  0.15/turn              (no ring)
MPRegen  0.14/turn              (no ring)

@: very slightly contaminated
A: no striking features
a: Renounce Religion


You were on level 4 of the Dungeon.
You worshipped Kikubaaqudgha.
Kikubaaqudgha was noncommittal.
You were not hungry.

You visited 1 branch of the dungeon, and saw 5 of its levels.

You collected 227 gold pieces.

Inventory:

Hand Weapons
 y - a +4 quarterstaff of chaos (weapon)
Armour
 j - a +2 robe (worn)
 t - the +0 cloak of the Wheelwright (worn) {Stlth+}
   (You found it on level 4 of the Dungeon)

   It makes you more stealthy.
 u - a +0 pair of gloves
Jewellery
 n - an uncursed ring of ice
 v - an uncursed ring of resist corrosion {unknown}
Wands
 g - a wand of iceblast (3)
 k - a wand of digging (15)
Scrolls
 f - 2 scrolls of identify
 m - 2 scrolls of remove curse
 p - a scroll of amnesia
 r - a scroll of teleportation
 w - a scroll of blinking
 x - a scroll of enchant weapon
Potions
 b - 2 potions of brilliance {unknown}
 d - a potion of flight {unknown}
 e - a potion of degeneration {unknown}
 h - 2 potions of lignification {unknown}
 i - 5 potions of curing
 l - 4 potions of berserk rage {unknown}
 q - a potion of mutation {unknown}
 s - a potion of resistance {unknown}
Comestibles
 c - 10 rations


   Skills:
 + Level 0.8 Fighting
   Level 0.3 Short Blades
 + Level 1.1 Staves
 + Level 2.2 Dodging
 + Level 2.5 Stealth
 + Level 0.7 Unarmed Combat
 + Level 5.6 Spellcasting
 + Level 6.2 Necromancy
 + Level 0.4 Evocations


You had 11 spell levels left.
You knew the following spells:

 Your Spells              Type           Power        Failure   Level  Hunger
a - Pain                  Necr           ####         1%          1    None
b - Animate Skeleton      Necr           N/A          1%          1    None
c - Animate Dead          Necr           N/A          11%         4    ####...

Your spell library contained the following spells:

 Spells                   Type           Power        Failure   Level  Hunger
 Vampiric Draining        Necr           ####......   3%          3    ##.....
 Regeneration             Chrm/Necr      ###.......   11%         3    ##.....


Dungeon Overview and Level Annotations

Branches:
Dungeon (5/15)
 Temple: D:4-7

Altars:
Cheibriados
Fedhas
Kikubaaqudgha
Makhleb
Nemelex Xobeh
Ru
Trog

Annotations:
D:4 Pikel


Message History

The slave hits you!
Casting: Pain (safe; 1% risk of failure)
Confirm with . or Enter, or press ? or * to list all spells.
Aiming: Pain (safe; 1% risk of failure)
Press: ? - help, Shift-Dir - straight line, f/p - Pikel
Aim: Pikel, wielding a whip of flaming and wearing an embroidered robe (lightly You miscast Pain.
You are very lightly contaminated with residual magic.
You hear strange and distant voices.
Pikel misses you. The slave hits you.
* * * LOW HITPOINT WARNING * * *
As you read the scroll of teleportation, it crumbles to dust.
You feel strangely unstable. Pikel closely misses you. The slave hits you.
* * * LOW HITPOINT WARNING * * *
Your surroundings suddenly seem different.
The slave hits you.
* * * LOW HITPOINT WARNING * * *
The slave hits you.
You die...
Kikubaaqudgha rasps: "You have failed me!
Welcome... death!"

#.# ###..########.#### #####.#
#...........Z#....
#.....########.#.........#.####
#.######.....#.##.########## #
### #.....#.##.# # #..........#
# #.....#.#### # ♣♣###.....#.#
# ♣♣ ♣♣P...##.###@# #
.♣♣♣♣PP....[...p.######
♣..♣.P♣...##.##........#
♣♣♣.♣....###.###.#####.#
♣♣♣♣♣### #.# #.# #.##.###.#
#....K...##.. ####.p....$...
########?..


You could see a slave.

Vanquished Creatures
  Grinder (D:4)
  A slave (D:4)
  A scorpion (D:4)
  A howler monkey (D:4)
  2 hounds
  Crazy Yiuf (D:4)
  An orc priest (D:5)
  A jelly (D:5)
  An orc wizard (D:3)
  Terence (D:3)
  A worker ant (D:5)
  Natasha (thrice) (D:3)
  2 worker ant zombies (D:5)
  5 adders
  A dart slug (D:5)
  2 leopard geckos
  8 orcs
  7 bats
  3 giant cockroaches
  2 goblins (D:2)
  5 hobgoblins
  3 jackals (D:1)
  6 kobolds
  2 frilled lizards (D:5)
  A leopard gecko skeleton (D:4)
  6 rats
  2 fungi (D:4)
70 creatures vanquished.

Vanquished Creatures (collateral kills)
  A hobgoblin (D:1)
  A jackal (D:1)
  A kobold (D:1)
3 creatures vanquished.

Grand Total: 73 creatures vanquished

Notes
Turn   | Place    | Note
-------+----------+-------------------------------------------
     0 | D:1      | Kaderl the Human Necromancer began the quest for the Orb.
     0 | D:1      | Reached XP level 1. HP: 13/13 MP: 3/3
    42 | D:1      | Learned a level 1 spell: Animate Skeleton
   263 | D:1      | Reached XP level 2. HP: 8/19 MP: 0/5
  1169 | D:2      | Reached XP level 3. HP: 9/24 MP: 0/6
  1472 | D:2      | Reached XP level 4. HP: 10/30 MP: 0/8
  1714 | D:2      | Found a sparkling altar of Nemelex Xobeh.
  1717 | D:2      | Found a snail-covered altar of Cheibriados.
  1720 | D:2      | Found a burning altar of Makhleb.
  1723 | D:2      | Found a sacrificial altar of Ru.
  2070 | D:3      | Noticed Terence
  2085 | D:3      | Reached XP level 5. HP: 28/36 MP: 1/9
  2185 | D:3      | Killed Terence
  2185 | D:3      | Reached skill level 5 in Necromancy
  2523 | D:3      | Noticed Natasha
  2543 | D:3      | Killed Natasha
  2995 | D:3      | Noticed Natasha
  3004 | D:3      | Killed Natasha
  3281 | D:3      | Noticed Natasha
  3289 | D:3      | Killed Natasha
  3289 | D:3      | Reached XP level 6. HP: 31/42 MP: 5/12
  3438 | D:4      | You fall through a shaft!
  3438 | D:5      | Entered Level 5 of the Dungeon
  3461 | D:5      | Noticed an ogre
  3693 | D:5      | Reached XP level 7. HP: 26/47 MP: 5/14
  3765 | D:5      | Learned a level 4 spell: Animate Dead
  3893 | D:5      | Found a bloodstained altar of Trog.
  4058 | D:4      | Noticed Grinder
  4116 | D:4      | Got a transparent cloak
  4175 | D:4      | Identified the +0 cloak of the Wheelwright {Stlth+} (You
                  | found it on level 4 of the Dungeon)
  4244 | D:4      | Reached skill level 5 in Spellcasting
  4435 | D:4      | Killed Grinder
  4435 | D:4      | Reached skill level 1 in Staves
  4435 | D:4      | Reached skill level 6 in Necromancy
  4552 | D:4      | Found a blossoming altar of Fedhas.
  4552 | D:4      | Found an ancient bone altar of Kikubaaqudgha.
  4559 | D:4      | Became a worshipper of Kikubaaqudgha
  4736 | D:4      | Found a runed door.
  4740 | D:4      | Noticed Crazy Yiuf
  4744 | D:4      | Killed Crazy Yiuf
  4784 | D:4      | Noticed Pikel
  4794 | D:4      | Slain by a slave

Skill      XL: |  1  2  3  4  5  6  7 |
---------------+----------------------+-----
Spellcasting   | 3 4 5 |  5.6
Necromancy     | 5 6 |  6.2
Staves         | 1 |  1.1
Fighting       | |  0.8
Short Blades   | |  0.3
Dodging        | |  2.2
Stealth        | |  2.5
Unarmed Combat | |  0.7
Evocations     | |  0.4

Action                   |  1- 3 |  4- 6 |  7- 9 || total
-------------------------+-------+-------+-------++-------
Melee: Unarmed           |    13 |       |       ||    13
       Dagger            |    11 |     7 |       ||    18
       Quarterstaff      |       |    10 |    35 ||    45
 Cast: Pain              |    46 |    79 |    36 ||   161
       Animate Skeleton  |    13 |    14 |     1 ||    28
       Animate Dead      |       |       |     3 ||     3
Evoke: Wand              |       |       |     5 ||     5
  Use: Scroll            |     2 |     7 |     5 ||    14
 Stab: Sleeping          |     1 |     1 |       ||     2
       Distracted        |     1 |     1 |     1 ||     3
  Eat: Ration            |     1 |     1 |     1 ||     3
       Chunk             |       |     3 |       ||     3
Armor: Robe              |    10 |     4 |     1 ||    15
Dodge: Dodged            |    22 |    16 |    12 ||    50
